 Dungeon Crawl Stone Soup version 0.27-a0-1312-g5cdb2b3542 (webtiles) character file.

Game seed: 10531181912087354422

445 Gwenloh the Bolt Thrower (level 7, 0/56 HPs)
             Began as a Hill Orc Hunter on June 21, 2021.
             Killed from afar by an orc wizard (8 damage)
             ... with a puff of flame
             ... on level 4 of the Dungeon.
             The game lasted 00:16:39 (3852 turns).

Gwenloh the Bolt Thrower (Hill Orc Hunter)          Turns: 3852, Time: 00:16:39

Health: 0/56       AC:  5    Str: 15    XL:     7   Next: 3%
Magic:  7/7        EV: 11    Int: 11    God:
Gold:   147        SH:  5    Dex: 13    Spells: 6/6 levels left

rFire    . . .     SeeInvis .   b - +0 hand axe
rCold    + . .     Faith    .   e - +0 buckler
rNeg     . . .     Spirit   .   p - +2 leather armour {rC+}
rPois    .         Reflect  .   (no helmet)
rElec    .         Harm     .   (no cloak)
rCorr    .         Rampage  .   (no gloves)
Will     .....                  (no boots)
Stlth    +.........             (no amulet)
HPRegen  0.18/turn              (no ring)
MPRegen  0.10/turn              (no ring)

@: no status effects
A: no striking features
a: no special abilities


You were on level 4 of the Dungeon.
You visited 1 branch of the dungeon, and saw 4 of its levels.

You collected 147 gold pieces.

Inventory:

Hand Weapons
 a - a +1 hand crossbow
 b - a +0 hand axe (weapon)
 o - a +0 rapier
Missiles
 d - 11 bolts
 h - 52 stones (quivered)
Armour
 c - a +0 leather armour
 e - a +0 buckler (worn)
 f - a +0 ring mail
 p - a +2 leather armour of cold resistance (worn)
Jewellery
 k - a ring of magical power
Wands
 m - a wand of flame (24)
Scrolls
 i - 3 scrolls of blinking {unknown}
 j - a scroll of fear {unknown}
 n - a scroll of identify {unknown}
 q - a scroll of silence {unknown}
Potions
 g - a potion of flight {unknown}
 l - a potion of haste {unknown}
 r - a potion of curing {unknown}
 s - a potion of attraction {unknown}


   Skills:
 - Level 2.4 Fighting
 + Level 0.7 Axes
 * Level 6.4 Crossbows
 - Level 1.5 Dodging
 - Level 0.7 Stealth
 - Level 4.0 Shields


You had 6 spell levels left.
You didn't know any spells.
Your spell library was empty.

Dungeon Overview and Level Annotations

Branches:
Dungeon (4/15)
 Temple: D:4-7

Altars:

Annotations:
D:4 3 runed translucent doors, fpsbossfight's ghost, amateur DsAK


Message History

A magic dart appears from out of thin air!
The magic dart hits you but does no damage.
You bump into the rock wall.
Something hits you.
You completely miss something. Something hits you.
You bump into the rock wall.
You hear some strange, mumbled words.
Something tries to affect you, but you resist.
You bump into the rock wall.
Something hits you but does no damage.
You hit something. Something barely misses you. Something hits you.
You bump into the rock wall.
You feel less confused.
You hear some strange, mumbled words.
A magic dart appears from out of thin air!
The magic dart hits you.
You miss something.
You hear some strange, mumbled words.
You are confused.
You completely miss something. Something hits you but does no damage.
You bump into the rock wall.
Something hits you.
You miss something. Something hits you but does no damage.
You bump into the rock wall.
You hear some strange, mumbled words.
A magic dart appears from out of thin air!
The magic dart hits you.
You barely miss something. Something hits you. x2
* * * LOW HITPOINT WARNING * * *
You hit something.
You feel less confused. Something hits you.
* * * LOW HITPOINT WARNING * * *
You miss something. Something hits you.
* * * LOW HITPOINT WARNING * * *
You closely miss something.
You hear some strange, mumbled words.
Something tries to affect you, but you resist.
You barely miss something.
You hear some strange, mumbled words.
A puff of flame appears from out of thin air!
The puff of flame hits you!
You die...

####.###################
((..)({@.)..............
.....###################
##. .. ♣♣♣≈≈≈≈≈≈##
##≈♣♣≈≈≈≈≈≈≈≈≈##
##≈♣≈≈≈≈≈≈≈≈PP≈P##
#≈≈P≈≈P≈≈≈≈≈P≈≈≈≈####


There were no monsters in sight!

Vanquished Creatures
  An ogre (D:4)
  A gnoll shaman (D:4)
  A centaur skeleton (D:4)
  Jessica (D:2)
  Natasha (thrice) (D:2)
  An orc wizard (D:3)
  A hound skeleton (D:4)
  3 gnolls (D:4)
  5 adders
  3 worms
  A dart slug (D:4)
  10 orcs
  2 endoplasms
  5 giant cockroaches
  6 goblins
  5 hobgoblins
  9 jackals
  3 quokkas
  4 ball pythons
  9 bats
  3 frilled lizards
  4 kobolds
  9 rats
90 creatures vanquished.

Vanquished Creatures (others)
  11 plants (D:4)
11 creatures vanquished.

Grand Total: 101 creatures vanquished

Notes
Turn   | Place    | Note
-------+----------+-------------------------------------------
     0 | D:1      | Gwenloh the Hill Orc Hunter began the quest for the Orb.
     0 | D:1      | Reached XP level 1. HP: 18/18 MP: 1/1
   173 | D:1      | Reached XP level 2. HP: 9/25 MP: 2/2
   177 | D:1      | Reached skill level 1 in Shields
   575 | D:1      | Reached skill level 4 in Crossbows
  1028 | D:2      | Reached XP level 3. HP: 30/30 MP: 3/3
  1067 | D:2      | Noticed Jessica
  1068 | D:2      | Noticed Natasha
  1071 | D:2      | Killed Jessica
  1072 | D:2      | Reached XP level 4. HP: 37/37 MP: 4/4
  1075 | D:2      | Killed Natasha
  1107 | D:2      | Noticed Natasha
  1109 | D:2      | Killed Natasha
  1110 | D:2      | Reached skill level 5 in Crossbows
  1174 | D:2      | Noticed Natasha
  1178 | D:2      | Killed Natasha
  1179 | D:2      | Reached XP level 5. HP: 42/42 MP: 5/5
  1246 | D:2      | You fall into a shaft and drop 1 floor!
  2326 | D:3      | Found a faded altar of an unknown god.
  2592 | D:4      | Reached XP level 6. HP: 50/50 MP: 6/6
  3198 | D:4      | Reached skill level 6 in Crossbows
  3222 | D:4      | Paralysed by something for 5 turns
  3439 | D:4      | Found a runed translucent gate.
  3444 | D:4      | Noticed fpsbossfight's ghost (amateur DsAK)
  3445 | D:4      | Found a runed translucent gate.
  3446 | D:4      | Found a runed translucent gate.
  3650 | D:4      | Reached XP level 7. HP: 45/56 MP: 7/7
  3852 | D:4      | Killed from afar by an orc wizard

Illustrated notes

Levels and vault maps discovered:
D:1:      matt_arrival_los_fun, layout_rooms, st_stairs_11,
          minmay_misc_feat_more_columns, minmay_misc_feat_chi, minivault_11
D:2:      minmay_angry_zag, layout_rooms, uniq_natasha, uniq_jessica
D:3:      layout_basic, hellmonk_ecumenical_altar_run_dry
D:4:      layout_basic, gammafunk_ghost_nasty_kobolds, nicolae_specific_store,
          minivault_27, serial_bayou_lagoon_b

Skill      XL: |  1  2  3  4  5  6 |
---------------+-------------------+-----
Shields        | 1 2 3 4 |  4.0
Crossbows      | 4 5 6 |  6.4
Fighting       | |  2.4
Axes           | |  0.7
Dodging        | |  1.5
Stealth        | |  0.7

Action                   |  1- 3 |  4- 6 |  7- 9 || total
-------------------------+-------+-------+-------++-------
Melee: Short sword       |    56 |     4 |       ||    60
       Rapier            |       |    53 |       ||    53
       Hand axe          |       |    72 |    20 ||    92
 Fire: Hand crossbow     |    27 |   110 |    10 ||   147
Throw: Stone             |       |     9 |       ||     9
Armor: Ring mail         |    27 |    25 |       ||    52
       Leather armour    |       |    35 |     5 ||    40
Dodge: Dodged            |    30 |    84 |     5 ||   119
Block: Buckler           |     9 |    42 |       ||    51

Table legend: (Time is in decaauts)
 A = Elapsed time spent in this place.
 B = Non-inter-level travel time spent in this place.
 C = Inter-level travel time spent in this place.
 D = Time resting spent in this place.
 E = Time spent auto-exploring this place.
 F = Levels seen in this place.
 G = Mean time per level.
                   A        B        C        D        E       F      G
               +--------+--------+--------+--------+--------+-----+--------+
         Total |   3934 |   3653 |    281 |    797 |   1507 |   4 |  983.5 |
       Dungeon |   3934 |   3653 |    281 |    797 |   1507 |   4 |  983.5 |
               +--------+--------+--------+--------+--------+-----+--------+

Top non-repeatable levels by time:
     D:3: 1463 daAuts
     D:1: 999 daAuts
     D:2: 752 daAuts
     D:4: 718 daAuts
